 Dungeon Crawl Stone Soup version 0.24.0-13-gcf9b3192b9 (webtiles) character file.

Game seed: 14654644459840704091, levelgen mode: deterministic

2645 Johnny the Carver (level 9, -11/80 HPs)
             Began as a Troll Berserker on Nov 10, 2019.
             Was a Priest of Trog.
             Killed from afar by a fire dragon (45 damage)
             ... with a blast of flame
             ... on level 8 of the Dungeon.
             The game lasted 00:07:06 (6201 turns).

Johnny the Carver (Troll Berserker)                 Turns: 6201, Time: 00:07:06

Health: -11/80     AC:  6    Str: 30    XL:     9   Next: 35%
Magic:  8/8        EV: 13    Int:  3    God:    Trog [***...]
Gold:   343        SH:  0    Dex: 13    Spells: 8/8 levels left

rFire    . . .     SeeInvis +   a - +0 falchion
rCold    . . .     Gourm    +   (no shield)
rNeg     . . .     Faith    .   b - +0 animal skin
rPois    +         Spirit   .   (helmet restricted)
rElec    +         Reflect  .   (no cloak)
rCorr    .         Harm     .   (gloves unavailable)
MR       ++...                  (boots unavailable)
Stlth    +.........             (no amulet)
HPRegen  1.63/turn              (no ring)
MPRegen  0.11/turn              t - +4 ring of dexterity

@: berserk cooldown, regenerating, slowed, very slow
A: large, unfitting armour, claws 3, see invisible, fast metabolism 3, gourmand,
poison resistance, regeneration 1, shaggy fur 1, electricity resistance, tough
skin 3
a: Berserk, Trog's Hand, Renounce Religion


You were on level 8 of the Dungeon.
You worshipped Trog.
Trog was most pleased with you.
You were very full.

You visited 1 branch of the dungeon, and saw 8 of its levels.

You collected 343 gold pieces.

Inventory:

Hand Weapons
 a - a +0 falchion (weapon)
Armour
 b - a +0 animal skin (worn)
Jewellery
 t - a +4 ring of dexterity (right claw)
Wands
 k - a wand of acid (5)
Scrolls
 d - a scroll of enchant weapon
 j - a scroll of enchant armour
 l - 2 scrolls of blinking
 m - a scroll of magic mapping
 n - 2 scrolls of amnesia
 q - 4 scrolls of teleportation
 z - a scroll of fog {unknown}
 A - a scroll of immolation {unknown}
Potions
 e - a potion of magic {unknown}
 f - a potion of agility {unknown}
 g - a potion of haste
 h - 2 potions of resistance {unknown}
 i - a potion of brilliance
 o - 2 potions of curing
 p - a potion of ambrosia
 r - a potion of flight {unknown}
 v - a potion of lignification {unknown}
Comestibles
 c - 12 rations
 B - 4 chunks of flesh


   Skills:
 - Level 2.4 Fighting
 * Level 9.2 Long Blades
 + Level 6.6 Dodging


You had 8 spell levels left.
You didn't know any spells.
Your spell library was empty.

Dungeon Overview and Level Annotations

Branches:
Dungeon (8/15)             Temple (0/1) D:5            Lair (0/6) D:8

Altars:
Gozag
Nemelex Xobeh
Qazlal
Xom
Yredelemnul

Shops:
D:4 *

Annotations:
D:8 Thantalas's ghost, novice DDFi


Innate Abilities, Weirdness & Mutations

You are too large for most types of armour.
You have claws for hands.
Your metabolism is lightning-fast.
You like to eat raw meat.
Your natural rate of healing is unusually fast.
You are covered in fur. (AC +1)
You have extremely tough skin. (AC +3)
You have supernaturally acute eyesight. (SInv)
Your system is resistant to poisons. (rPois)
You are resistant to electric shocks. (rElec)


Message History

You barely miss the fire dragon.
The fire dragon is moderately wounded.
You are no longer berserk.
You are exhausted.
You feel yourself slow down.
As you read the scroll of fear, it crumbles to dust.
You assume a fearsome visage.
The fire dragon looks frightened!
Evoke which item? (* to show all) (? for menu, Esc to quit)
Aiming: Corrosive Bolt
Press: ? - help, Shift-Dir - straight line, f - fire dragon
Aim: a fire dragon (moderately wounded, fleeing)
The bolt of acid hits the fire dragon.
The fire dragon is splashed with acid.
The acid corrodes the fire dragon!
The fire dragon is moderately wounded.
Your attack snaps the fire dragon out of its fear.
You feel the effects of Trog's Hand fading.
The fire dragon breathes flames at you. The blast of flame hits you!!!
Ouch! That really hurt!
You die...

.§≈≈..§≈....
§§§§§≈§§.....
§.§§≈≈≈......###
.≈§§§§D........#
..§§§§...+.....#
...§§....#.....#
.........#.....#
#...#.....##### #
####..D####@.....# +
...........#......# #
...........#......# #
[...........'D.....#
################......##
........#<..#...........
........#...#...........
........#...#...........
........#...+...........


You could see a fire dragon.

Vanquished Creatures
  A hippogriff (D:7)
  The ghost of Katsumi the Transmogrifier, an amateur FeTm of Makhleb (D:5)
  A wyvern (D:7)
  2 water moccasins
  A hornet zombie (D:5)
  A sky beast (D:6)
  An ogre (D:4)
  5 centaurs
  A big kobold (D:7)
  A bullfrog (D:6)
  The ghost of Descartes the Ducker, an amateur FeTm (D:3)
  A water moccasin skeleton (D:6)
  2 scorpions
  7 crimson imps
  2 hounds
  A bullfrog zombie (D:5)
  2 jellies
  2 orc priests (D:5)
  5 orc wizards
  A bullfrog skeleton (D:7)
  2 worker ants
  2 hound skeletons
  3 gnolls (D:7)
  A howler monkey skeleton (D:4)
  8 adders
  2 oozes
  An adder skeleton (D:5)
  2 worms
  4 dart slugs
  2 leopard geckos
  13 orcs
  3 ball pythons
  7 giant cockroaches
  5 goblins
  5 hobgoblins
  18 jackals
  A quokka (D:3)
  5 bats (D:1)
  7 frilled lizards
  5 kobolds
  A leopard gecko zombie (D:5)
  A quokka skeleton (D:5)
  4 rats
141 creatures vanquished.

Vanquished Creatures (others)
  A bush (D:5)
1 creature vanquished.

Grand Total: 142 creatures vanquished

Notes
Turn   | Place    | Note
-------+----------+-------------------------------------------
     0 | D:1      | Johnny the Troll Berserker began the quest for the Orb.
     0 | D:1      | Reached XP level 1. HP: 22/22 MP: 0/0
    47 | D:1      | Reached XP level 2. HP: 27/29 MP: 1/1
   286 | D:1      | Reached skill level 3 in Long Blades
   402 | D:1      | Reached XP level 3. HP: 36/36 MP: 2/2
  1042 | D:2      | Noticed a water moccasin
  1059 | D:2      | Killed a water moccasin
  1059 | D:2      | Reached skill level 4 in Long Blades
  1059 | D:2      | Reached XP level 4. HP: 44/44 MP: 3/3
  1059 | D:2      | Reached XP level 5. HP: 50/50 MP: 4/4
  1740 | D:3      | Found a runed translucent gate.
  1740 | D:3      | Found a runed translucent gate.
  1740 | D:3      | Found a runed translucent gate.
  1747 | D:3      | Reached ** piety under Trog
  1846 | D:3      | Found an opulent altar of Gozag.
  1849 | D:3      | Noticed Descartes's ghost (amateur FeTm)
  1886 | D:3      | Gained mutation: You are resistant to electric shocks.
                  | (rElec) [potion of mutation]
  1886 | D:3      | Gained mutation: Your system is resistant to poisons.
                  | (rPois) [potion of mutation]
  1886 | D:3      | Gained mutation: You have supernaturally acute eyesight.
                  | (SInv) [potion of mutation]
  1895 | D:3      | Killed Descartes's ghost
  2036 | D:3      | Noticed a centaur
  2045 | D:3      | Killed a centaur
  2045 | D:3      | Reached skill level 5 in Long Blades
  2045 | D:3      | Reached XP level 6. HP: 59/59 MP: 5/5
  3031 | D:4      | Found a basalt altar of Yredelemnul.
  3266 | D:4      | Found an opulent altar of Gozag.
  3272 | D:4      | Found Gozag's Platinum Reserve.
  3298 | D:4      | Reached XP level 7. HP: 47/66 MP: 6/6
  3555 | D:5      | Entered Level 5 of the Dungeon
  3580 | D:5      | Found a shimmering altar of Xom.
  3608 | D:5      | Reached skill level 6 in Long Blades
  3822 | D:5      | Reached skill level 5 in Dodging
  3889 | D:5      | Reached XP level 8. HP: 43/74 MP: 7/7
  3998 | D:5      | Reached skill level 7 in Long Blades
  4051 | D:5      | Reached *** piety under Trog
  4173 | D:5      | Found a runed translucent door.
  4175 | D:5      | Noticed Katsumi's ghost (amateur FeTm)
  4316 | D:5      | Found a staircase to the Ecumenical Temple.
  4448 | D:5      | Found a stormy altar of Qazlal.
  4460 | D:5      | Found a sparkling altar of Nemelex Xobeh.
  4573 | D:5      | Killed Katsumi's ghost
  4789 | D:6      | Found a stormy altar of Qazlal.
  5151 | D:6      | Reached skill level 8 in Long Blades
  5244 | D:6      | Reached XP level 9. HP: 72/80 MP: 8/8
  5882 | D:7      | Reached skill level 9 in Long Blades
  6157 | D:8      | Noticed Thantalas's ghost (novice DDFi)
  6158 | D:8      | Noticed a yaktaur captain
  6171 | D:8      | Found a staircase to the Lair.
  6172 | D:8      | Noticed a fire dragon
  6201 | D:8      | Killed from afar by a fire dragon

Levels and vault maps discovered:
D:1:      mrwooster_arrival_statue_2, layout_loops_corners,
          minmay_misc_feat_tiny, chequers_serial_rivers_room_a,
          minmay_indecisive_spiral
D:2:      layout_loops_ring
D:3:      layout_loops_corners, ebering_ghost_gozag, first_ration
D:4:      layout_basic, nicolae_gozag_zags_fifth_avenue,
          yredelemnul_altar_generic
D:5:      layout_basic, amethyst_overflow_temple_binary,
          minmay_temple_entry_junction_2, ebering_ghost_sewer_d,
          kb_lookout_dungeons_type, led_xom_imps
D:6:      minmay_chambers_of_threes, layout_loops_corners, basic_altar
D:7:      layout_rooms, minmay_misc_feat_square
D:8:      layout_gridville, minmay_lair_entry_lava, gammafunk_ghost_split

Skill      XL: |  1  2  3  4  5  6  7  8  9 |
---------------+----------------------------+-----
Long Blades    | 3 4 5 6 8 9 |  9.2
Dodging        | 3 4 5 6 |  6.6
Fighting       | |  2.4

Action                   |  1- 3 |  4- 6 |  7- 9 || total
-------------------------+-------+-------+-------++-------
Melee: Falchion          |   122 |   181 |   369 ||   672
Invok: Berserk           |     1 |     4 |    11 ||    16
       Trog's Hand       |       |     1 |     1 ||     2
Evoke: Wand              |       |       |     1 ||     1
  Use: Potion            |     3 |     6 |       ||     9
       Scroll            |       |       |    11 ||    11
 Stab: Sleeping          |     1 |       |       ||     1
  Eat: Chunk             |    10 |    21 |    44 ||    75
       Ration            |       |     1 |       ||     1
Armor: Animal skin       |    59 |    86 |    98 ||   243
Dodge: Dodged            |    77 |   121 |   216 ||   414
       Rpst.: Falchion   |    25 |    37 |    52 ||   114
